 Dungeon Crawl Stone Soup version 0.20.1-1-g8b1a95d (webtiles) character file.

67 Ymberti the Firebug (level 3, -2/19 HPs)
             Began as a Deep Elf Fire Elementalist on Sept 17, 2017.
             Was an Initiate of Sif Muna.
             Slain by a gnoll
             ... wielding a +0 flail
              (10 damage)
             ... on level 3 of the Dungeon.
             The game lasted 00:08:45 (1441 turns).

Ymberti the Firebug (Deep Elf Fire Elementalist)    Turns: 1441, Time: 00:08:45

Health: -2/19      AC:  2    Str:  5    XL:     3   Next: 98%
Magic:  1/9        EV: 13    Int: 20    God:    Sif Muna [......]
Gold:   94         SH:  0    Dex: 15    Spells: 2/8 levels left

rFire    . . .     SeeInvis .   f - +0 dagger
rCold    . . .     Gourm    .   (no shield)
rNeg     . . .     Faith    .   a - +0 robe
rPois    .         Spirit   .   (no helmet)
rElec    .         Reflect  .   (no cloak)
rCorr    .         Harm     .   (no gloves)
MR       .....                  (no boots)
Stlth    ++........             (no amulet)
Regen    0.1/turn               m - ring of flight
MPRegen  0.2/turn               (no ring)

@: very slightly contaminated
A: no striking features
a: Renounce Religion, Evoke Flight


You were on level 3 of the Dungeon.
You worshipped Sif Muna.
Sif Muna was noncommittal.
You were full.

You visited 1 branch of the dungeon, and saw 3 of its levels.

You collected 94 gold pieces.

Inventory:

Hand Weapons
 f - a +0 dagger (weapon)
Armour
 a - a +0 robe (worn)
Jewellery
 m - a ring of flight (left hand)
Wands
 k - a wand of confusion (25/48)
Scrolls
 e - a scroll of enchant weapon {unknown}
 i - a scroll of teleportation {unknown}
 j - 2 scrolls of random uselessness {unknown}
Potions
 g - 2 potions of heal wounds {unknown}
 h - a potion of resistance {unknown}
 n - a potion of curing {unknown}
Books
 b - a book of Flames

   Spells                             Type                      Level
   a - Flame Tongue                   Conjuration/Fire             1
   b - Throw Flame                    Conjuration/Fire             2
   c - Conjure Flame                  Conjuration/Fire             3
   d - Inner Flame                    Hexes/Fire                   3
   e - Sticky Flame                   Conjuration/Fire             4
   f - Fireball                       Conjuration/Fire             5
 l - a book of Maledictions

   Spells                             Type                      Level
   a - Corona                         Hexes                        1
   b - Ensorcelled Hibernation        Hexes/Ice                    2
   c - Confuse                        Hexes                        3
   d - Tukima's Dance                 Hexes                        3
   e - Dazzling Spray                 Conjuration/Hexes            3
Comestibles
 c - a bread ration
 d - 2 meat rations


   Skills:
 + Level 0.1 Fighting
 + Level 2.9 Dodging
 + Level 3.1 Stealth
 + Level 3.2 Spellcasting
 + Level 2.5 Conjurations
 + Level 3.9 Fire Magic


You had 2 spell levels left.
You knew the following spells:

 Your Spells              Type           Power        Failure   Level  Hunger
a - Flame Tongue          Conj/Fire      ###..        3%          1    None
b - Throw Flame           Conj/Fire      ###...       5%          2    ##.....
c - Conjure Flame         Conj/Fire      ###.....     11%         3    ###....


Dungeon Overview and Level Annotations

Branches:
Dungeon (3/15)

Altars:
Cheibriados
Kikubaaqudgha
Makhleb
Nemelex Xobeh
Qazlal
Sif Muna
Xom


Message History

Press: ? - help, Shift-Dir - straight line, f/p - gnoll
Aim: a gnoll (heavily wounded)
You miscast Flame Tongue.
You are very lightly contaminated with residual magic.
Nothing appears to happen.
The gnoll hits you.
Casting: Flame Tongue
Confirm with . or Enter, or press ? or * to list all spells.
Aiming: Flame Tongue
Press: ? - help, Shift-Dir - straight line, f/p - gnoll
Aim: a gnoll (heavily wounded)
The flame tongue hits the gnoll.
You kill the gnoll!
Sif Muna accepts your kill.
Casting: Flame Tongue
Confirm with . or Enter, or press ? or * to list all spells.
You don't have enough magic to cast that spell.
Unknown command.
The gnoll hits you with a flail!
Ouch! That really hurt!
You die...

.........# #..######.#
####...#.# ##### #..#
#.# ##......######...#
#..# #.#
##................#
#..# #.#
#.......).#####...#
#### #.# #........##
##.#### ####.#
#.#.....########.##.#
#....#
#.##.....†.....g....#
#.†...
#g###.##########@##P.#
#####. #.# ### #.#####
#. #.### #.># ######
#. ....#
#..####.##.######.
....#
#.................
#.#.#
#.#####..#########
...... #.. #..#
#...### ### #..# ##..#
#...


You could see a gnoll.

Vanquished Creatures
  2 gnolls (D:3)
  2 worms (D:3)
  A dart slug (D:2)
  A leopard gecko (D:3)
  A giant cockroach (D:1)
  5 hobgoblins (D:1)
  7 jackals (D:1)
  4 bats
  2 frilled lizards
  4 goblins
  4 kobolds
  A rat (D:3)
34 creatures vanquished.

Notes
Turn   | Place    | Note
-------+----------+-------------------------------------------
     0 | D:1      | Ymberti the Deep Elf Fire Elementalist began the quest for the Orb.
     0 | D:1      | Reached XP level 1. HP: 10/10 MP: 6/6
   159 | D:1      | Reached XP level 2. HP: 15/15 MP: 4/8
   913 | D:2      | Reached XP level 3. HP: 16/19 MP: 4/9
   917 | D:2      | Learned a level 2 spell: Throw Flame
   921 | D:2      | Learned a level 3 spell: Conjure Flame
  1131 | D:3      | Found a sparkling altar of Nemelex Xobeh.
  1131 | D:3      | Found a shimmering altar of Xom.
  1131 | D:3      | Found a burning altar of Makhleb.
  1131 | D:3      | Found a stormy altar of Qazlal.
  1140 | D:3      | Found a deep blue altar of Sif Muna.
  1140 | D:3      | Found an ancient bone altar of Kikubaaqudgha.
  1141 | D:3      | Found a snail-covered altar of Cheibriados.
  1162 | D:3      | Became a worshipper of Sif Muna the Loreminder
  1391 | D:3      | Found a stormy altar of Qazlal.
  1441 | D:3      | Slain by a gnoll

Skill      XL: |  1  2  3 |
---------------+----------+-----
Conjurations   | 2 |  2.5
Stealth        | 3 |  3.1
Fighting       | |  0.1
Dodging        | |  2.9
Spellcasting   | |  3.2
Fire Magic     | |  3.9

Action                   || total
-------------------------++-------
Melee: Unarmed           ||     1
       Dagger            ||    24
 Cast: Flame Tongue      ||    69
       Throw Flame       ||     2
       Conjure Flame     ||     1
  Use: Scroll            ||     1
 Stab: Sleeping          ||     3
  Eat: Bread ration      ||     1
       Royal jelly       ||     1
Armor: Robe              ||     7
Dodge: Dodged            ||    49
